 Dungeon Crawl Stone Soup version 0.29.1-12-g30fa7ad0bf (webtiles) character file.

Game seed: 16244418924926787022

56071 GeoRichter the Fighter (level 14, -41/119 HPs)
             Began as a Demonspawn Artificer on Dec 23, 2022.
             Was a High Priest of Nemelex Xobeh.
             Annihilated by a titanic slime creature (65 damage)
             ... on level 13 of the Dungeon.
             The game lasted 00:46:21 (23536 turns).

GeoRichter the Fighter (Demonspawn Artificer)      Turns: 23536, Time: 00:46:22

Health: -41/119    AC: 12    Str: 23    XL:     14   Next: 40%
Magic:  0/19       EV: 15    Int: 14    God:    Nemelex Xobeh [*****.]
Gold:   1298       SH:  5    Dex: 15    Spells: 13/13 levels left

rFire   + + .      SeeInvis .   v - +7 broad axe of Prudence {venom, rF+ Int+4}
rCold   + . .      Faith    .   z - +0 buckler {rF+}
rNeg    + . .      Spirit   +   b - +3 leather armour {Will+}
rPois   +          Reflect  .   t - +1 hat of the Earth {rPois rN+ Int-2 Slay+6}
rElec   .          Harm     .   O - +2 cloak {rC+}
rCorr   .          Rampage  .   M - +0 pair of gloves
Will    ++...                   (no boots)
Stlth   +++.......              m - amulet of guardian spirit
HPRegen 0.29/turn               C - ring of poison resistance
MPRegen 0.16/turn               P - +6 ring of strength

@: brilliant
A: hooves 2, foul stench 1, spiny 3, augmentation 1, sturdy frame 2
a: Renounce Religion, Draw Escape, Draw Destruction, Draw Summoning, Triple
Draw, Deal Four, Stack Five


You were on level 13 of the Dungeon.
You worshipped Nemelex Xobeh.
Nemelex Xobeh was extremely pleased with you.
You visited 3 branches of the dungeon, and saw 18 of its levels.
You also visited: Gauntlet and Ice Cave.

You collected 1424 gold pieces.
You spent 126 gold pieces at shops.

Inventory:

Hand Weapons
 a - a +1 morningstar of flaming
   (You took it off an orc on level 3 of the Dungeon)
 v - the +7 broad axe of Prudence (weapon) {venom, rF+ Int+4}
   (You found it on level 5 of the Lair of Beasts)

   It poisons the flesh of those it strikes.
   Int:       It affects your intelligence (+4).
   rF:        It protects you from fire.
 Y - a +0 broad axe
   (You found it on level 13 of the Dungeon)
Missiles
 k - 9 javelins
 G - 6 silver javelins (quivered)
Armour
 b - a +3 leather armour of willpower (worn)
   (You took it off Joseph on level 7 of the Dungeon)
 t - the +1 hat of the Earth (worn) {rPois rN+ Int-2 Slay+6}
   (You found it in a Gauntlet)

   Int:       It affects your intelligence (-2).
   Slay:      It affects your accuracy & damage with ranged weapons and melee
   (+6).
   rPois:     It protects you from poison.
   rN:        It protects you from negative energy.
 z - a +0 buckler of fire resistance (worn)
   (You bought it in a shop on level 9 of the Dungeon)
 M - a +0 pair of gloves (worn)
   (You found it on level 10 of the Dungeon)
 O - a +2 cloak of cold resistance (worn)
   (You found it in an ice cave)
 W - the +18 Lear's hauberk
   (You found it on level 11 of the Dungeon)
Jewellery
 m - an amulet of guardian spirit (around neck)
   (You found it on level 8 of the Dungeon)
 C - a ring of poison resistance (left hand)
   (You took it off a gnoll on level 5 of the Dungeon)
 E - a ring of flight
   (You found it on level 6 of the Dungeon)
 N - a ring of protection from fire
   (You found it on level 10 of the Dungeon)
 P - a +6 ring of strength (right hand)
   (You found it in an ice cave)
Wands
 d - a wand of charming (13)
 D - a wand of roots (17)
   (You took it off a gnoll on level 5 of the Dungeon)
 J - a wand of acid (1)
   (You found it in a Gauntlet)
 V - a wand of polymorph (5)
   (You found it on level 11 of the Dungeon)
Scrolls
 c - a scroll of summoning {unknown}
 f - a scroll of blinking
 g - 4 scrolls of amnesia
 j - a scroll of enchant weapon {unknown}
 l - 2 scrolls of poison
 n - 5 scrolls of butterflies
 q - a scroll of acquirement {unknown}
 x - 5 scrolls of teleportation {@r4}
 y - 4 scrolls of vulnerability {!r}
 F - a scroll of torment {!r}
 I - a scroll of fear
 K - 3 scrolls of enchant armour
 R - 4 scrolls of magic mapping
 S - 2 scrolls of silence
 U - 5 scrolls of immolation {!r}
Potions
 e - 4 potions of resistance
 h - a potion of curing {@q1}
 i - 4 potions of mutation {!q}
 o - 3 potions of lignification {unknown}
 p - 2 potions of flight
 r - 4 potions of brilliance
 s - 2 potions of might {unknown}
 w - a potion of invisibility {unknown}
 A - 2 potions of magic {unknown}
 B - a potion of ambrosia {unknown}
 H - a potion of berserk rage {unknown}
 L - a potion of cancellation {unknown}
 Q - 3 potions of attraction {!q}
 X - a potion of heal wounds {@q2}
Miscellaneous
 T - a phantom mirror
   (You found it on level 5 of the Lair of Beasts)


   Skills:
 + Level 13.9 Fighting
 * Level 3.5(9.3) Axes
 - Level 13.3(13.5) Maces & Flails
 + Level 7.4 Armour
 + Level 7.2 Dodging
 - Level 5.0 Stealth
 + Level 5.5 Shields
 + Level 7.6 Invocations
 - Level 6.0 Evocations


You had 13 spell levels left.
You didn't know any spells.
Your spell library contained the following spells:

 Spells                   Type           Power      Damage    Failure   Level
 Magic Dart               Conj           0%         1d3       36%         1
 Necrotise                Necr           0%         1d4       36%         1
 Summon Small Mammal      Summ           0%         N/A       36%         1
 Call Imp                 Summ           0%         N/A       50%         2
 Static Discharge         Conj/Air       0%         3-3/arc   50%         2
 Call Canine Familiar     Summ           0%         N/A       73%         3
 Gell's Gravitas          Tloc           0%         N/A       73%         3
 Ignite Poison            Fire/Tmut/Pois 0%         N/A       73%         3
 Lesser Beckoning         Tloc           0%         N/A       73%         3
 Mephitic Cloud           Conj/Pois/Air  0%         N/A       73%         3
 Summon Guardian Golem    Hex/Summ       0%         N/A       73%         3
 Teleport Other           Tloc           0%         N/A       73%         3
 Vampiric Draining        Necr           0%         2d6       73%         3
 Corpse Rot               Necr/Pois/Air  0%         N/A       98%         4
 Dispel Undead            Necr           0%         3d6       98%         4
 Fulminant Prism          Conj/Hex       0%         3d6       98%         4
 Iskenderun's Mystic Bla  Conj/Tloc      0%         2d3       98%         4
 Sticky Flame             Conj/Fire      0%         2d3       98%         4
 Agony                    Necr           0%         N/A       100%        5
 Alistair's Intoxication  Tmut/Pois      0%         N/A       100%        5
 Borgnjor's Vile Clutch   Necr/Erth      0%         N/A       100%        5
 Freezing Cloud           Conj/Ice/Air   0%         6-21      100%        5
 Lee's Rapid Deconstruct  Erth           0%         3d5*      100%        5
 Death Channel            Necr           0%         N/A       100%        6
 Eringya's Noxious Bog    Tmut/Pois      0%         N/A       100%        6
 Orb of Destruction       Conj           0%         9d5       100%        7
 Spellforged Servitor     Conj/Summ      0%         N/A       100%        7


Dungeon Overview and Level Annotations

Branches:
Dungeon (11/15) Zot: 26426  Temple (1/1) D:5 Zot: 5628    Lair (5/5) D:9 Zot: 20703
 Shoals (0/4) Lair:2        Snake (0/4) Lair:2        Slime (0/5) Lair:5
    Orc (0/2) D:11          IceCv (visited)         Gauntlet (visited)

Altars:
Ashenzari
Cheibriados
Dithmenos
Fedhas
Gozag
Hepliaklqana
Kikubaaqudgha
Makhleb
Nemelex Xobeh
Okawaru
Qazlal
Ru
Sif Muna
Trog
Uskayaw
Vehumet
Wu Jian
Xom
Yredelemnul

Shops:
D:4 *   D:9 [

Annotations:
D:5 exclusion: 2 doors
D:7 3 runed translucent doors, SonOfSpiff's ghost, novice DECj


Innate Abilities, Weirdness & Mutations

You have hoof-like feet.
You may rarely emit foul miasma when damaged in melee.
You are completely covered in sharp spines.
Your magical and physical power is slightly enhanced at high health.
Your movements are less encumbered by armour. (ER -4)


Message History

You see here a +1 whip of venom.
There is an open door here.
There is an open door here.
Found a Trismegistus Codex.
You pick up a Trismegistus Codex and begin reading...
You add the spells Ignite Poison and Freezing Cloud to your library.
Found a scroll labelled VUCE LUBBACK.
A slime creature comes into view.
A slime creature is nearby!
A slime creature is nearby! 3 slime creatures come into view.
The slime creature quivers. x2
Two slime creatures merge to form a large slime creature.
You see here a scroll labelled VUCE LUBBACK.
A slime creature comes into view.
Two slime creatures merge to form a very large slime creature.
You slash the very large slime creature!
You kick the very large slime creature!
The slime creature quivers.
Two slime creatures merge to form an enormous slime creature.
You hit the enormous slime creature. You kick the enormous slime creature!
The slime creature quivers.
You block the enormous slime creature's attack.
You slice the enormous slime creature!!
The enormous slime creature looks as sick as possible!
The enormous slime creature is struck by your spines.
The enormous slime creature closely misses you.
You slice the enormous slime creature!!
The enormous slime creature looks as sick as possible!
You kick the enormous slime creature, but do no damage.
A slime creature comes into view.
The enormous slime creature is struck by your spines.
The enormous slime creature hits you!!!
Two slime creatures merge to form a titanic slime creature.
You slice the titanic slime creature!!
Your kick misses the titanic slime creature.
You slash the titanic slime creature!
The titanic slime creature looks as sick as possible!
The titanic slime creature is struck by your spines.
The titanic slime creature closely misses you.
The titanic slime creature attacks as you move away!
The titanic slime creature hits you!!!
* * * LOW HITPOINT WARNING * * *
You see here a scroll labelled VUCE LUBBACK.
You feel clever all of a sudden.
The titanic slime creature is struck by your spines.
The titanic slime creature hits you!!!
Ouch! That really hurt!
You die...
Your body glows with a rainbow of weird colours and disappears.

#+ #.. #...
##.. . # .... .
#####.####.##.#
......JJ....#.#
#####.##@.....#
# ##...#.####
#.###..#......
#.........###
#####.....#
##....#
###############
#.####
#.............#
#.#
#.####.#.####.#
#.#


You could see a titanic slime creature (extremely poisoned) and a slime
creature.

Vanquished Creatures
  Kirke (Lair:5)
  A ghost moth (Lair:2)
  The ghost of Mumum the Arsonist, a journeyman DrFE of Vehumet (Lair:5)
  7 hydras
  2 catoblepae
  A deep troll shaman (Lair:5)
  A tengu warrior (D:11)
  14 death yaks
  Urug (Lair:5)
  Lodul (D:10)
  A lindwurm (Lair:5)
  2 ugly things (D:13)
  2 cyclopes
  12 elephants
  4 black mambas
  4 rime drakes
  7 cane toads
  A kobold demonologist (D:13)
  A tengu conjurer (D:13)
  An efreet (Gauntlet)
  5 komodo dragons
  2 ice devils (Lair:1)
  A polar bear (Lair:5)
  4 trolls
  A hornet (D:9)
  A tarantella (shapeshifter) (Gauntlet)
  A raiju (shapeshifter) (Gauntlet)
  9 dream sheep
  12 blink frogs
  2 wraiths
  5 wyverns
  2 hogs (Lair:5)
  39 yaks
  2 fire elementals (Gauntlet)
  4 basilisks
  A fire bat (Lair:2)
  A steam dragon (D:8)
  4 vampire mosquitoes
  A hydra simulacrum (IceCv)
  A naga (Lair:2)
  2 acid dragons
  15 water moccasins
  A hell hound (Gauntlet)
  3 orc warriors
  11 ogres
  2 sky beasts
  A black bear (Lair:5)
  20 wolves
  3 centaurs
  2 phantoms
  2 kobold brigands
  6 bullfrogs
  3 scorpions
  9 wights
  4 killer bees (D:11)
  A howler monkey (D:6)
  3 electric eels
  12 hounds
  A jelly (D:6)
  A gnoll bouda (D:8)
  2 orc priests
  Crazy Yiuf (D:2)
  Ijyb (D:3)
  An iguana (D:7)
  8 orc wizards
  7 gnolls
  3 adders
  A white imp (D:5)
  A worm (D:2)
  29 orcs
  6 bats
  5 endoplasms
  2 giant cockroaches
  6 goblins
  5 hobgoblins
  2 jackals (D:5)
  16 kobolds
  4 quokkas
  6 ball pythons
  2 frilled lizards (D:2)
  2 rats
375 creatures vanquished.

Vanquished Creatures (collateral kills)
  A minotaur (Gauntlet)
  A hydra (Lair:1)
  Pikel (D:6)
  Joseph (D:7)
  A freezing wraith (IceCv)
  A dream sheep (Lair:5)
  2 yaks (Lair:1)
  A scorpion (D:5)
  A cane toad simulacrum (IceCv)
  2 wights (D:7)
  An orc priest (D:10)
13 creatures vanquished.

Vanquished Creatures (others)
  A human (Lair:5)
  An orc warrior (D:10)
  A bullfrog (D:8)
  An elephant simulacrum (IceCv)
  An orc priest (D:7)
  A white imp (D:8)
  52 fungi
  57 plants
115 creatures vanquished.

Grand Total: 503 creatures vanquished

Notes
Turn   | Place    | Note
-------+----------+-------------------------------------------
     0 | D:1      | GeoRichter the Demonspawn Artificer began the quest for the
                  | Orb.
     0 | D:1      | Reached XP level 1. HP: 15/15 MP: 1/1
   413 | D:1      | Gained mutation: You are partially covered in sharp spines.
                  | [demonic ancestry]
   413 | D:1      | Reached XP level 2. HP: 14/21 MP: 2/2
   647 | D:1      | Found a faded altar of an unknown god.
  1001 | D:2      | Gained mutation: You are mostly covered in sharp spines.
                  | [demonic ancestry]
  1001 | D:2      | Reached XP level 3. HP: 26/26 MP: 3/3
  1522 | D:2      | Found a runed translucent door.
  1523 | D:2      | Noticed Crazy Yiuf
  1671 | D:2      | Killed Crazy Yiuf
  1672 | D:2      | Reached skill level 5 in Evocations
  1672 | D:2      | Reached XP level 4. HP: 32/32 MP: 4/4
  2105 | D:3      | Noticed Ijyb
  2112 | D:3      | Killed Ijyb
  2113 | D:3      | Reached XP level 5. HP: 27/37 MP: 5/5
  2757 | D:4      | Found Popsyrau's Assorted Antiques.
  2760 | D:4      | Reached skill level 1 in Stealth
  3087 | D:5      | Entered Level 5 of the Dungeon
  3095 | D:5      | Gained mutation: You are completely covered in sharp
                  | spines. [demonic ancestry]
  3095 | D:5      | Reached XP level 6. HP: 37/44 MP: 6/6
  3453 | D:5      | HP: 1/47 [orc/+0 trident (3)]
  3455 | D:5      | Gained mutation: Your movements are slightly less
                  | encumbered by armour. (ER -2) [demonic ancestry]
  3455 | D:5      | Reached XP level 7. HP: 14/53 MP: 7/7
  3472 | D:5      | Found a staircase to the Ecumenical Temple.
  3480 | Temple   | Entered the Ecumenical Temple
  3820 | Temple   | Became a worshipper of Nemelex Xobeh the Trickster
  4100 | D:5      | Noticed a yak
  4107 | D:5      | Killed a yak
  4108 | D:5      | Reached skill level 5 in Fighting
  4108 | D:5      | Reached skill level 5 in Stealth
  4317 | D:5      | Reached skill level 1 in Invocations
  4317 | D:5      | Reached XP level 8. HP: 25/64 MP: 8/8
  4903 | D:6      | Reached * piety under Nemelex Xobeh
  4940 | D:6      | Noticed Pikel
  4953 | D:6      | Killed Pikel
  5427 | D:6      | Gained mutation: You have large cloven feet. [demonic
                  | ancestry]
  5427 | D:6      | Reached XP level 9. HP: 73/73 MP: 12/14
  5836 | D:7      | Reached skill level 1 in Dodging
  6097 | D:7      | Received a gift from Nemelex Xobeh
  6594 | D:7      | Found a runed translucent gate.
  6594 | D:7      | Found a runed translucent gate.
  6594 | D:7      | Found a runed translucent gate.
  6617 | D:7      | Found Veuch's Armour Shop.
  6732 | D:7      | Noticed Joseph
  6743 | D:7      | Killed Joseph
  6897 | D:7      | Noticed SonOfSpiff's ghost (novice DECj)
  8165 | D:8      | Gained mutation: Your movements are less encumbered by
                  | armour. (ER -4) [demonic ancestry]
  8165 | D:8      | Reached XP level 10. HP: 79/83 MP: 13/15
  8676 | D:9      | Reached ** piety under Nemelex Xobeh
  8705 | D:9      | Found Haoviad's Armour Boutique.
  8713 | D:9      | Bought a +0 buckler of fire resistance for 126 gold pieces
  8741 | D:9      | Reached skill level 1 in Maces & Flails
  9422 | D:9      | Found a staircase to the Lair.
  9892 | D:10     | Entered Level 10 of the Dungeon
 10270 | D:10     | Noticed Lodul
 10415 | D:10     | Reached skill level 10 in Fighting
 10611 | D:10     | Reached skill level 5 in Maces & Flails
 10929 | Lair:1   | Entered Level 1 of the Lair of Beasts
 10962 | Lair:1   | Found a frozen archway.
 11234 | IceCv    | Entered an ice cave
 11473 | IceCv    | Found a transporter.
 11480 | IceCv    | Noticed a white ugly thing
 11487 | IceCv    | Noticed an ice statue
 11487 | IceCv    | Noticed an ice statue
 11500 | IceCv    | Found a transporter.
 11552 | Lair:1   | Noticed a cane toad
 11561 | Lair:1   | Killed a cane toad
 11697 | Lair:1   | Noticed an elephant
 11698 | Lair:1   | Noticed an elephant
 11698 | Lair:1   | Noticed an elephant
 11712 | Lair:1   | Killed an elephant
 11713 | Lair:1   | Gained mutation: You have hoof-like feet. [demonic
                  | ancestry]
 11713 | Lair:1   | Reached XP level 11. HP: 80/92 MP: 13/16
 12354 | Lair:1   | Received a gift from Nemelex Xobeh
 12984 | Lair:1   | Noticed a six-headed hydra
 12993 | Lair:1   | Killed a six-headed hydra
 13285 | Lair:1   | Reached *** piety under Nemelex Xobeh
 13380 | Lair:1   | Noticed a catoblepas
 13732 | Lair:2   | Noticed an eight-headed hydra
 13925 | Lair:2   | Found a gate leading to a gauntlet.
 13925 | Lair:2   | Received a gift from Nemelex Xobeh
 13935 | Gauntlet | Entered a Gauntlet
 13935 | Gauntlet | Found a large runed translucent door.
 13935 | Gauntlet | Found a large runed translucent door.
 13935 | Gauntlet | Found a large runed translucent door.
 13935 | Gauntlet | Found a large runed translucent door.
 13935 | Gauntlet | Found a large runed translucent door.
 13935 | Gauntlet | Found a large runed translucent door.
 13935 | Gauntlet | Found a large runed translucent door.
 13935 | Gauntlet | Found a large runed translucent door.
 13935 | Gauntlet | Found a runed translucent door.
 13935 | Gauntlet | Found a runed translucent gate.
 13935 | Gauntlet | Found a transporter.
 13935 | Gauntlet | Found a transporter.
 13935 | Gauntlet | Found a runed translucent gate.
 13935 | Gauntlet | Found a transporter.
 13954 | Gauntlet | Found a transporter.
 13954 | Gauntlet | Found a transporter.
 13954 | Gauntlet | Found a transporter.
 13958 | Gauntlet | Noticed a mana viper
 13958 | Gauntlet | a yaktaur changed into a mana viper
 13964 | Gauntlet | Found a transporter.
 13968 | Gauntlet | Found a transporter.
 13971 | Gauntlet | Noticed a catoblepas
 13978 | Gauntlet | Found a transporter.
 14050 | Gauntlet | Found a runed translucent door.
 14051 | Gauntlet | Found a large runed translucent door.
 14051 | Gauntlet | Found a large runed translucent door.
 14051 | Gauntlet | Found a large runed translucent door.
 14051 | Gauntlet | Found a large runed translucent door.
 14052 | Gauntlet | Found a large runed translucent door.
 14052 | Gauntlet | Found a large runed translucent door.
 14053 | Gauntlet | Found a large runed translucent door.
 14053 | Gauntlet | Found a large runed translucent door.
 14062 | Gauntlet | Found a runed translucent gate.
 14082 | Gauntlet | Found a transporter.
 14084 | Gauntlet | Found a transporter.
 14085 | Gauntlet | Noticed a blizzard demon
 14089 | Gauntlet | Noticed a dire elephant
 14092 | Gauntlet | Found a transporter.
 14397 | Gauntlet | Identified the +1 hat of the Earth {rPois rN+ Int-2 Slay+6}
 14493 | Gauntlet | Identified the +0 helmet "Forget-Me-Not" {+Blink +Inv rElec
                  | rC-}
 14601 | Gauntlet | Noticed a minotaur
 14646 | Gauntlet | Killed a minotaur
 14647 | Gauntlet | Reached skill level 10 in Maces & Flails
 14647 | Gauntlet | Gained mutation: Your magical and physical power is
                  | slightly enhanced at high health. [demonic ancestry]
 14647 | Gauntlet | Reached XP level 12. HP: 62/102 MP: 6/17
 14800 | Lair:2   | Killed an eight-headed hydra
 15011 | Lair:2   | Noticed a death yak
 15012 | Lair:2   | Noticed a death yak
 15013 | Lair:2   | Noticed a death yak
 15014 | Lair:2   | Noticed a death yak
 15037 | Lair:2   | Killed a death yak
 15044 | Lair:2   | Killed a death yak
 15046 | Lair:2   | Killed a death yak
 15050 | Lair:2   | a death yak changed into something unseen
 15052 | Lair:2   | Killed a ghost moth
 15424 | Lair:2   | Found a staircase to the Shoals.
 15505 | Lair:2   | Received a gift from Nemelex Xobeh
 15521 | Lair:2   | Found a staircase to the Snake Pit.
 15692 | Lair:3   | Reached **** piety under Nemelex Xobeh
 15730 | Lair:3   | Identified the ring "Qalohile" {rC- AC+4 Int+4 Dex+2}
 15870 | Lair:3   | Reached skill level 1 in Shields
 15891 | Lair:3   | Reached skill level 5 in Armour
 16198 | Lair:3   | Received a gift from Nemelex Xobeh
 16463 | Lair:3   | Noticed a four-headed hydra
 16472 | Lair:3   | Killed a four-headed hydra
 16473 | Lair:3   | Reached skill level 5 in Dodging
 16907 | Lair:4   | Noticed a six-headed hydra
 16917 | Lair:4   | Killed a six-headed hydra
 17127 | Lair:4   | Gained mutation: You may rarely emit foul miasma when
                  | damaged in melee. [demonic ancestry]
 17127 | Lair:4   | Reached XP level 13. HP: 91/111 MP: 14/18
 17940 | Lair:4   | Received a gift from Nemelex Xobeh
 18321 | Lair:5   | Entered Level 5 of the Lair of Beasts
 18591 | Lair:5   | Noticed Urug
 18603 | Lair:5   | Killed Urug
 18701 | Lair:5   | Found a staircase to the Slime Pits.
 18805 | Lair:5   | Found a runed translucent gate.
 18807 | Lair:5   | Found a runed translucent gate.
 18807 | Lair:5   | Noticed Mumum's ghost (journeyman DrFE)
 18808 | Lair:5   | Found a runed translucent gate.
 18811 | Lair:5   | Noticed Kirke
 18837 | Lair:5   | Killed Kirke
 18914 | Lair:5   | Identified the +0 robe of Stoicism {rElec Int+8 Dex-2
                  | Stlth-}
 19007 | Lair:5   | Reached ***** piety under Nemelex Xobeh
 19850 | Lair:5   | Killed Mumum's ghost
 19854 | Lair:5   | Identified the +7 broad axe of Prudence {venom, rF+ Int+4}
 20173 | Lair:5   | HP: 3/112 [death yak (11)]
 20544 | Lair:5   | Reached XP level 14. HP: 119/119 MP: 19/19
 20711 | Lair:5   | Reached skill level 1 in Axes
 20711 | Lair:5   | Reached skill level 5 in Shields
 21545 | D:10     | Received a gift from Nemelex Xobeh
 21994 | D:10     | Killed Lodul
 22244 | D:11     | Found a staircase to the Orcish Mines.
 22521 | D:11     | Got the -2 chain mail of Suof {rF++ Str-5 Dex+4 Stlth+}
 22884 | D:11     | Found the +18 Lear's hauberk
 22916 | D:11     | Received a gift from Nemelex Xobeh
 22968 | D:11     | You fall into a shaft and drop 2 floors!
 23536 | D:13     | Annihilated by a titanic slime creature

Illustrated notes

Levels and vault maps discovered:
D:1:      lemuel_arrival_funnel, layout_loops_ring,
          hellmonk_ecumenical_altar_heavens_door
D:2:      minmay_wonky_spiral, layout_rooms, chequers_serial_rivers_micro_c,
          uniq_crazy_yiuf_cottage
D:3:      layout_basic, uniq_ijyb
D:4:      layout_basic, serial_shops, nicolae_shop_hallway_plus
D:5:      cheibrodos_two_vegetables, layout_cave_pools,
          minmay_temple_entry_gardened_gates
D:6:      layout_layer_cave, uniq_pikel
D:7:      layout_cave_pools, gammafunk_ghost_necromancy, serial_shops,
          nicolae_shop_behind_doors, chequers_serial_rivers_room_a, uniq_joseph
D:8:      layout_basic, kennysheep_cluttered_room
D:9:      layout_roguey, erik_lair_island, serial_shops, shop
D:10:     layout_roguey, zin_academy, uniq_lodul
D:11:     layout_gridville, orc_david_3, hellmonk_guarded_unrand_lears
D:13:     layout_loops_corners, lightli_vaults_fourway_checkpoint
Temple:   kilobyte_greek_temple
Lair:1:   layout_hall_layers, portal_ice_cave_demonic_guard, wad_woods_road_05
Lair:2:   layout_misc_corridors, shoals_dummy_entry,
          guppyfry_snake_entry_garden, gauntlet_entry_generic,
          infiniplex_staircase_pool
Lair:3:   layout_cave_pods, grunt_megastairs_4
Lair:4:   layout_cave_pods
Lair:5:   grunt_lair_end_beastmaster, layout_loops_ring, slime_entry_1,
          gammafunk_ghost_hydra_chop, uniq_kirke, uniq_urug

Skill      XL: |  1  2  3  4  5  6  7  8  9 10 11 12 13 14 |
---------------+-------------------------------------------+-----
Evocations     | 4 5 6 |  6.0
Stealth        | 2 3 5 |  5.0
Fighting       | 2 3 5 7 9 10 12 13 | 13.9
Invocations    | 1 6 7 |  7.6
Dodging        | 4 5 6 7 |  7.2
Armour         | 4 5 6 7 |  7.4
Maces & Flails | 6 10 12 13 | 13.3
Shields        | 2 4 5 |  5.5
Axes           | 3 |  3.5

Action                   |  1- 3 |  4- 6 |  7- 9 | 10-12 | 13-15 || total
-------------------------+-------+-------+-------+-------+-------++-------
Melee: Dagger            |    76 |       |       |       |       ||    76
       Quarterstaff      |       |    43 |   127 |       |       ||   170
       Kick              |       |       |    27 |   147 |   104 ||   278
       Morningstar       |       |       |     1 |   369 |   149 ||   519
       Unarmed           |       |       |       |       |    10 ||    10
       Broad axe         |       |       |       |       |   103 ||   103
Throw: Javelin           |       |       |       |    11 |     3 ||    14
Invok: Draw Destruction  |       |       |     2 |    11 |     4 ||    17
       Draw Escape       |       |       |       |     4 |     2 ||     6
       Draw Summoning    |       |       |       |     2 |     4 ||     6
Evoke: Wand              |    13 |     8 |    18 |     8 |       ||    47
  Use: Scroll            |       |     2 |     6 |     7 |     9 ||    24
       Potion            |       |     2 |     1 |     5 |     3 ||    11
 Stab: Sleeping          |       |     1 |     3 |     3 |     5 ||    12
       Paralysed         |       |       |     6 |       |       ||     6
       Distracted        |       |       |       |     1 |     1 ||     2
Armor: Leather armour    |    15 |       |     5 |   140 |    61 ||   221
       Ring mail         |       |     8 |    23 |       |       ||    31
Dodge: Dodged            |    34 |    18 |    84 |   229 |   124 ||   489
Block: Buckler           |       |       |       |    61 |    49 ||   110
